 Dungeon Crawl Stone Soup version 0.21-a0-634-gaf8bc5d (webtiles) character file.

23 VirginKiller the Changer (level 2, 0/22 HPs)
             Began as a Demigod Transmuter on Dec 29, 2017.
             Slain by a bat (1 damage)
             ... on level 2 of the Dungeon.
             The game lasted 00:03:47 (475 turns).

VirginKiller the Changer (Demigod Transmuter)        Turns: 475, Time: 00:03:47

Health: 0/22       AC:  2    Str: 13    XL:     2   Next: 54%
Magic:  7/7        EV: 12    Int: 17    God:
Gold:   20         SH:  0    Dex: 16    Spells: 3/4 levels left

rFire    . . .     SeeInvis .     - Unarmed
rCold    . . .     Gourm    .   (no shield)
rNeg     . . .     Faith    .   b - +0 robe
rPois    .         Spirit   .   (no helmet)
rElec    .         Reflect  .   (no cloak)
rCorr    .         Harm     .   (no gloves)
MR       .....                  (no boots)
Stlth    +.........             (no amulet)
HPRegen  0.07/turn              (no ring)
MPRegen  0.10/turn              (no ring)

@: appendage (expiring)
A: horns 2, high mp 1
a: End Transformation


You were on level 2 of the Dungeon.
You were not hungry.
You had grown temporary horns.
You visited 1 branch of the dungeon, and saw 2 of its levels.

You collected 20 gold pieces.

Inventory:

Missiles
 a - 12 arrows
Armour
 b - a +0 robe (worn)
Jewellery
 j - an uncursed ring of protection from cold {unknown}
Scrolls
 e - a scroll of identify {unknown}
 h - 2 scrolls of teleportation {unknown}
 i - a scroll of blinking {unknown}
Potions
 g - a potion of curing {unknown}
Books
 c - a book of Changes

   Spells                             Type                      Level
   a - Beastly Appendage              Transmutation                1
   b - Sticks to Snakes               Transmutation                2
   c - Spider Form                    Transmutation/Poison         3
   d - Ice Form                       Ice/Transmutation            4
   e - Blade Hands                    Transmutation                5
Comestibles
 d - 3 rations
 f - 4 chunks of flesh


   Skills:
 - Level 0.8 Fighting
 - Level 1.7 Dodging
 - Level 2.6 Unarmed Combat
 - Level 1.7 Spellcasting
 * Level 3.0 Transmutations


You had 3 spell levels left.
You knew the following spells:

 Your Spells              Type           Power        Failure   Level  Hunger
a - Beastly Appendage     Tmut           ##....       5%          1    #......


Dungeon Overview and Level Annotations

Branches:
Dungeon (2/15)


Innate Abilities, Weirdness & Mutations

You have an increased reservoir of magic. (+10% MP)
You have a pair of horns on your head.


Message History

You hit the ooze but do no damage. You punch the ooze.
You kill the ooze!
Your Transmutations skill increases to level 3!
You hit the giant cockroach.
The giant cockroach is heavily wounded.
The giant cockroach bites you.
* * * LOW HITPOINT WARNING * * *
You hit the giant cockroach.
You kill the giant cockroach!
A quokka comes into view.
Your transformation is almost over.
Found a leather armour and a glowing amethyst potion.
A bat comes into view.
The helpless quokka fails to defend itself.
You hit the quokka but do no damage. The quokka bites you.
* * * LOW HITPOINT WARNING * * *
You closely miss the quokka. The bat barely misses you. The quokka bites you.
* * * LOW HITPOINT WARNING * * *
The bat hits you.
You die...

.#####..#
#.#.......###.
.........###.#......##
#.
..##.._......#.#...##
#. #._8_............
#.
.##.._...#..#.####.#
#. ..............# ..
.. ........##..###
#.## .######.##..# #.#
####@##..# #.# ##
#.rb.##..# #.# #.
#....##..# #.# #.
#.......# #.# #.
.[.......... #.# #.
..........###
#.###.####.
...##....##
#.......... #!# #...##
#####...... .. ##.##
#.#####


You could see a quokka and a bat.

Vanquished Creatures
  An ooze (D:2)
  A dart slug (D:1)
  A bat (D:1)
  A giant cockroach (D:2)
  3 goblins (D:1)
  2 hobgoblins (D:1)
  2 jackals (D:1)
  2 kobolds
  A frilled lizard (D:1)
14 creatures vanquished.

Notes
Turn   | Place    | Note
-------+----------+-------------------------------------------
     0 | D:1      | VirginKiller the Demigod Transmuter began the quest for the Orb.
     0 | D:1      | Reached XP level 1. HP: 15/15 MP: 5/5
    62 | D:1      | Reached skill level 2 in Transmutations
   251 | D:1      | Reached XP level 2. HP: 6/22 MP: 5/7
   445 | D:2      | Found an ancient bone altar of Kikubaaqudgha.
   447 | D:2      | Found a blossoming altar of Fedhas.
   448 | D:2      | Found a glowing silver altar of Zin.
   449 | D:2      | Found a snail-covered altar of Cheibriados.
   467 | D:2      | Reached skill level 3 in Transmutations
   474 | D:2      | HP: 1/22 [quokka (3)]
   475 | D:2      | Slain by a bat

Vault maps used:
D:1:      elethiomel_arrival_quiet
D:2:      chequers_temple_overflow_statue_of_worship

Skill      XL: |  1  2 |
---------------+-------+-----
Transmutations | 2 3 |  3.0
Fighting       | |  0.8
Dodging        | |  1.7
Unarmed Combat | |  2.6
Spellcasting   | |  1.7

Action                   || total
-------------------------++-------
Melee: Unarmed           ||    53
       Kick              ||     4
       Headbutt          ||     1
       Punch             ||     1
 Cast: Beastly Appendage ||    11
 Stab: Sleeping          ||     1
Armor: Robe              ||     7
Dodge: Dodged            ||    30

Table legend:
 A = Spawn XP
 B = Non-spawn XP
 C = Spawn XP percentage of total XP
 D = Spawn monster count
 E = Non-spawn monster count
 F = Spawn count percentage of total count
 G = Total turns spent on level
                    A         B        C        D         E        F      G
               +---------+---------+-------+---------+---------+-------+---------
         Total |       0 |      33 |   0.0 |       0 |      14 |   0.0 |   475
               +---------+---------+-------+---------+---------+-------+---------
           D:1 |       0 |      23 |   0.0 |       0 |      11 |   0.0 |   384
           D:2 |       0 |      10 |   0.0 |       0 |       3 |   0.0 |    91
               +---------+---------+-------+---------+---------+-------+---------
